[Event "Titled Tuesday Blitz June 28 Early 2022"]
[White "Nilsson, Joakim"]
[Black "Vlassov, Nikolai"]
[WhiteFideId "1723383"]
[BlackFideId "4103360"]
[WhiteElo "2210"]
[BlackElo "2407"]
[Result "0-1"]
[Round "08"]
[TimeControl "180+1"]
[Date "2022.06.28"]
[WhiteClock "0:00:33"]
[BlackClock "0:00:15"]

1. d4 Nf6 2. Nc3 d5 3. Bf4 g6 4. h4 Bg7 5. e3 c6 6. h5 Nxh5 7. Rxh5 gxh5 8. Qxh5 Nd7 9. Nf3 b5 10. Ng5 Rf8 11. Ne6 Qa5 12. Bc7 Nb6 13. Nxg7+ Kd7 14. Bh2 Na4 15. Qg4+ Kd8 16. Qf4 Nxc3 17. bxc3 Qxc3+ 18. Ke2 Qxc2+ 19. Kf3 Qe4+ 20. Qxe4 dxe4+ 21. Kxe4 Bg4 22. Nf5 Kd7 23. Kf4 Bh5 24. g4 Bg6 25. Rc1 f6 26. Bg2 Rac8 27. Kf3 h5 28. Bh3 Rh8 29. Ng3 hxg4+ 30. Bxg4+ e6 31. Kg2 Rh4 32. Bf3 e5 33. dxe5 fxe5 34. e4 c5 35. Nf5 Bxf5 36. exf5 e4 37. Be2 c4 38. Bg3 Rh7 39. Bg4 Rc5 40. f6+ Ke8 41. Re1 Kf7 42. Rxe4 Kxf6 43. Bd6 Rc6 44. Be5+ Kg5 45. Kg3 c3 46. f4+ Kg6 47. Rb4 c2 48. Bb2 c1=Q 49. Bxc1 Rxc1 50. Rxb5 Rc3+ 51. Kg2 Re7 52. Bf3 Ree3 53. Bh5+ Kh6 54. Kf2 Rh3 55. Ra5 Rxh5 56. Ra6+ Kg7 57. Rxa7+ Kf6 58. Ra6+ Kf5 59. Ra5+ Kg4 60. Ra4 Rh2+ 61. Kg1 Rb2 62. f5+ Kg3 63. Rb4 Rc1# 0-1


[Site "https://www.chess.com"]

[Event "Titled Tuesday Blitz June 28 Early 2022"]
[White "Novikova, Galina"]
[Black "D`Arruda, Ricardo D."]
[WhiteFideId "4157095"]
[BlackFideId "100692"]
[WhiteElo "1863"]
[BlackElo "2461"]
[Result "1/2-1/2"]
[Round "08"]
[TimeControl "180+1"]
[Date "2022.06.28"]
[WhiteClock "0:00:18"]
[BlackClock "0:00:11"]

1. e4 c5 2. Nf3 Nc6 3. d4 cxd4 4. Nxd4 e5 5. Nb3 Nf6 6. Bg5 Be7 7. Nc3 d6 8. Be2 Be6 9. O-O O-O 10. Bxf6 Bxf6 11. Nd5 Bg5 12. c3 Ne7 13. Nxe7+ Bxe7 14. Qd3 d5 15. Rad1 dxe4 16. Qxe4 Qc7 17. Rfe1 f5 18. Qc2 Rad8 19. h3 Rxd1 20. Rxd1 Rd8 21. Bf3 b6 22. Rxd8+ Qxd8 23. Qe2 Bf6 24. Qa6 Qc7 25. Qb5 Qd7 26. Bc6 Qd1+ 27. Kh2 e4 28. Bd5 Kf8 29. Bxe6 Qd6+ 30. g3 Qxe6 31. Qa6 Qd7 32. Qc4 g6 33. Nd4 Bxd4 34. cxd4 Ke7 35. Kg2 Kd6 36. b4 Qc6 37. Qf7 e3+ 38. Kf1 Qc1+ 39. Kg2 Qc6+ 40. Kf1 exf2 41. Qf6+ Kd5 42. Qe5+ Kc4 43. Kxf2 Kxb4 44. d5 Qc2+ 45. Kf3 Qd3+ 46. Kf2 Qd2+ 47. Kf3 Qd3+ 48. Kf2 Kc5 49. Qe7+ Kxd5 50. Qxa7 Qd4+ 51. Kg2 Qd2+ 52. Kf3 Qd3+ 53. Kf2 Qd4+ 54. Kf3 Kc4 55. Qxh7 Kd3 56. Qxg6 Qe4+ 57. Kf2 Qe2+ 58. Kg1 Qe1+ 59. Kg2 Qe2+ 60. Kg1 Qe1+ 61. Kg2 Qe2+ 62. Kg1 1/2-1/2


[Site "https://www.chess.com"]

[Event "Titled Tuesday Blitz June 28 Early 2022"]
[White "Nozdrachev, Leonid"]
[Black "Martinez, Shawn"]
[WhiteFideId "24113433"]
[BlackFideId "2039770"]
[WhiteElo "2129"]
[BlackElo "2174"]
[Result "1-0"]
[Round "08"]
[TimeControl "180+1"]
[Date "2022.06.28"]
[WhiteClock "0:00:09"]
[BlackClock "0:00:20"]

1. e4 c5 2. c3 Nf6 3. e5 Nd5 4. d4 cxd4 5. Nf3 e6 6. cxd4 Bb4+ 7. Bd2 Bxd2+ 8. Nbxd2 d6 9. Bd3 Nc6 10. O-O O-O 11. Ne4 dxe5 12. dxe5 h6 13. Bb5 Bd7 14. Bc4 Nf4 15. Rc1 Ng6 16. Qd6 Qe7 17. Rfd1 Rfd8 18. g3 Be8 19. Qxe7 Ncxe7 20. Nd6 Bc6 21. Be2 Nd5 22. Kf1 Rd7 23. a3 Rad8 24. b4 Ba4 25. Rd4 Nxe5 26. Nxe5 Rxd6 27. b5 Nb6 28. Rxd6 Rxd6 29. Rc7 f6 30. Ng6 Rd7 31. Rc3 Bd1 32. Bxd1 Rxd1+ 33. Ke2 Rb1 34. Rc7 Rb2+ 35. Kf3 Rxb5 36. Rxb7 Rb3+ 37. Kg4 Rxa3 38. h4 Ra5 39. h5 f5+ 40. Kf4 Ra4+ 41. Ke5 Re4+ 42. Kd6 Nc4+ 43. Ke7 1-0


[Site "https://www.chess.com"]

[Event "Titled Tuesday Blitz June 28 Early 2022"]
[White "Nunez V, Gustavo Eduardo"]
[Black "Pirvulescu, Ekaterina"]
[WhiteFideId "4403690"]
[BlackFideId "13506374"]
[WhiteElo "2228"]
[BlackElo "1740"]
[Result "1-0"]
[Round "08"]
[TimeControl "180+1"]
[Date "2022.06.28"]
[WhiteClock "0:00:20"]
[BlackClock "0:00:03"]

1. e4 c5 2. Nc3 Nc6 3. g3 e5 4. Bg2 Nd4 5. d3 d6 6. Be3 Nf6 7. h3 Be6 8. Nge2 Rb8 9. a4 Be7 10. O-O Nd7 11. f4 O-O 12. f5 Qc7 13. fxe6 Nxe6 14. Nd5 Qd8 15. g4 a6 16. a5 f6 17. Ng3 g6 18. Bh6 Rf7 19. c3 Bf8 20. Qd2 Bxh6 21. Qxh6 Qf8 22. Qd2 Kg7 23. h4 b5 24. axb6 Nxb6 25. Rxa6 Nxd5 26. exd5 Nf4 27. Be4 Qc8 28. Rxd6 Qxg4 29. Qh2 Rfb7 30. Bf3 Nh3+ 31. Kh1 Qxh4 32. Bg2 Rxb2 33. Qxh3 Qxh3+ 34. Bxh3 Rd2 35. Rd7+ Kh6 36. Rf3 Rbb2 37. Bf1 Rh2+ 38. Kg1 Rh3 39. Bxh3 Rb1+ 40. Bf1 Rc1 41. c4 Kg5 42. Ne4+ Kg4 43. Rxf6 g5 44. Rg7 h5 45. Rxg5+ Kh4 46. Rg2 Rxf1+ 47. Kxf1 Kh3 48. Rfg6 Kh4 49. R6g5 Kh3 50. Rxh5# 1-0


[Site "https://www.chess.com"]

[Event "Titled Tuesday Blitz June 28 Early 2022"]
[White "Ocelak, Jakub"]
[Black "Valle Maytin, Luis Enrique"]
[WhiteFideId "23707933"]
[BlackFideId "3503666"]
[WhiteElo "2048"]
[BlackElo "2323"]
[Result "0-1"]
[Round "08"]
[TimeControl "180+1"]
[Date "2022.06.28"]
[WhiteClock "0:00:51"]
[BlackClock "0:01:23"]

1. b3 Nf6 2. Bb2 e6 3. Nf3 Be7 4. c4 O-O 5. e3 d5 6. Nc3 c5 7. cxd5 exd5 8. d4 cxd4 9. Nxd4 Nc6 10. Be2 Be6 11. O-O a6 12. Bf3 Rc8 13. Nxc6 bxc6 14. Rc1 Qd6 15. Rc2 Rfd8 16. Qa1 c5 17. Rd1 Qb6 18. Na4 Qb5 19. Rdc1 h6 20. Ba3 Nd7 21. Be2 Qa5 22. Qc3 Qxc3 23. Rxc3 Bf6 24. R3c2 Bf5 25. Rd2 d4 26. Bxa6 Ra8 27. Bb5 dxe3 28. fxe3 Bg5 29. Kf2 Nf6 30. Rxd8+ Rxd8 31. Nxc5 Rd2+ 32. Ke1 Rxg2 33. Bf1 Bh4+ 34. Kd1 Bg4+ 35. Be2 Rxe2 0-1


[Site "https://www.chess.com"]

[Event "Titled Tuesday Blitz June 28 Early 2022"]
[White "Ozdemir, Serhan Berat"]
[Black "Alinasab, Mobina"]
[WhiteFideId "6374611"]
[BlackFideId "12528897"]
[WhiteElo "1920"]
[BlackElo "2031"]
[Result "1-0"]
[Round "08"]
[TimeControl "180+1"]
[Date "2022.06.28"]
[WhiteClock "0:00:11"]
[BlackClock "0:00:02"]

1. e4 c5 2. Nf3 e6 3. c3 d5 4. exd5 exd5 5. Bb5+ Nc6 6. d4 Bd6 7. dxc5 Bxc5 8. O-O Ne7 9. Nbd2 O-O 10. Nb3 Bb6 11. Re1 Bg4 12. Be3 Bxe3 13. Rxe3 Nf5 14. Rd3 Ne5 15. Rxd5 Qf6 16. Be2 Bxf3 17. Bxf3 Rad8 18. Be4 Rxd5 19. Qxd5 Rd8 20. Qxb7 Nd6 21. Qd5 Ndc4 22. Qc5 Nxb2 23. Qxa7 Ned3 24. Bxd3 Nxd3 25. Qe3 Qxc3 26. Rd1 Qc2 27. Qd2 Qxd2 28. Rxd2 Rd7 29. Nc1 Nc5 30. Rxd7 Nxd7 31. Kf1 Nb6 32. Ke2 Kf8 33. Kd3 Ke7 34. Kd4 Kd6 35. Nd3 f6 36. f3 g6 37. Nc5 Kc6 38. Ne4 Nd7 39. a4 h6 40. g4 h5 41. gxh5 gxh5 42. h4 Ne5 43. Ke3 Nd7 44. Ng3 Kd5 45. Nxh5 Ke5 46. Ng3 f5 47. f4+ Ke6 48. a5 Nc5 49. h5 Kf6 50. Ne2 Na6 51. Kd4 Nb4 52. Kc4 Na6 53. Kb5 Nc7+ 54. Kb6 Nd5+ 55. Kc5 Nc7 56. Nd4 Ke7 57. Nxf5+ Ke6 58. Nd4+ Kf6 59. Kc6 Na6 60. Kb5 Nb8 61. Kb6 Nd7+ 62. Kc7 Nc5 63. h6 Kg6 64. Kd6 Na6 65. Ke6 Kxh6 66. f5 Kg7 67. Ke7 Nb8 68. f6+ Kg6 69. f7 1-0


[Site "https://www.chess.com"]

[Event "Titled Tuesday Blitz June 28 Early 2022"]
[White "Papp, Levente"]
[Black "Pourkashiyan, Atousa"]
[WhiteFideId "751243"]
[BlackFideId "12502014"]
[WhiteElo "2308"]
[BlackElo "2247"]
[Result "0-1"]
[Round "08"]
[TimeControl "180+1"]
[Date "2022.06.28"]
[WhiteClock "0:00:01"]
[BlackClock "0:00:38"]

1. Nf3 d5 2. g3 c6 3. Bg2 Nf6 4. O-O Bg4 5. d4 e6 6. c4 Nbd7 7. Nc3 Be7 8. b3 O-O 9. Bb2 Rc8 10. h3 Bh5 11. Qd2 Re8 12. Rfe1 Bb4 13. Nh4 Ne4 14. Bxe4 dxe4 15. a3 Be7 16. Ng2 f5 17. d5 cxd5 18. cxd5 Bf7 19. dxe6 Bxe6 20. Nd5 Bc5 21. b4 Bf8 22. Ngf4 Bf7 23. Qd4 Ne5 24. Rad1 Rc2 25. Ba1 Qc8 26. Qxa7 Nc6 27. Qe3 Rd8 28. Qb3 Ne7 29. Nxe7+ Bxe7 30. Rxd8+ Bxd8 31. Qa4 Rc1 32. Rd1 b5 33. Qxb5 Rxd1+ 34. Kg2 Rxa1 35. Qe5 h6 36. Qxa1 Qa8 0-1


[Site "https://www.chess.com"]

[Event "Titled Tuesday Blitz June 28 Early 2022"]
[White "Pein, Jonathan"]
[Black "Prieto Aranguren, Alain"]
[WhiteFideId "417092"]
[BlackFideId "2268906"]
[WhiteElo "2140"]
[BlackElo "2224"]
[Result "1-0"]
[Round "08"]
[TimeControl "180+1"]
[Date "2022.06.28"]
[WhiteClock "0:00:11"]
[BlackClock "0:00:46"]

1. d4 Nf6 2. c4 g6 3. Nc3 Bg7 4. e4 O-O 5. Be2 d6 6. g4 c5 7. d5 e6 8. g5 Nfd7 9. h4 exd5 10. cxd5 a6 11. h5 b5 12. hxg6 fxg6 13. Qd3 Ne5 14. Qg3 Rf7 15. Nh3 b4 16. Nd1 a5 17. Nf4 Ba6 18. Ne6 Qc8 19. Qh3 Bh8 20. Ne3 Bxe2 21. Kxe2 Qa6+ 22. Kd1 Qd3+ 23. Bd2 Nf3 24. Nf1 Bxb2 25. Nf4 Qxe4 26. Ng3 Qd4 27. Qc8+ Rf8 28. Qe6+ Kh8 29. Nxg6+ Kg7 30. Nh5# 1-0


[Site "https://www.chess.com"]

[Event "Titled Tuesday Blitz June 28 Early 2022"]
[White "Perez Gormaz, Matias"]
[Black "Preotu, Razvan"]
[WhiteFideId "3406342"]
[BlackFideId "2613280"]
[WhiteElo "2341"]
[BlackElo "2407"]
[Result "1-0"]
[Round "08"]
[TimeControl "180+1"]
[Date "2022.06.28"]
[WhiteClock "0:00:31"]
[BlackClock "0:00:17"]

1. e4 c5 2. Nf3 d6 3. Bc4 Nf6 4. e5 dxe5 5. Nxe5 e6 6. Qe2 Be7 7. O-O O-O 8. Re1 Bd7 9. b3 Nc6 10. Nxd7 Qxd7 11. Bb2 Nd4 12. Qd1 Rfd8 13. a4 Ne8 14. Nc3 Nd6 15. Bd3 Rac8 16. Ne4 Nxe4 17. Bxe4 c4 18. bxc4 Rxc4 19. a5 Bf6 20. Rb1 g6 21. Bxd4 Qxd4 22. d3 Rc5 23. Qd2 Bg5 24. Qe2 Rxa5 25. Rxb7 Ra2 26. g3 a5 27. Reb1 a4 28. R1b4 Qc5 29. Rc4 Qd6 30. Rcc7 Rf8 31. Qf3 Rb2 32. Ra7 a3 33. Rxf7 Bh6 34. Qf6 a2 35. Rg7+ Kh8 36. Rxh7+ Kg8 37. Qh8# 1-0


[Site "https://www.chess.com"]

[Event "Titled Tuesday Blitz June 28 Early 2022"]
[White "Piliczewski, Bogusz"]
[Black "Fernandez Hernandez, Gerardo"]
[WhiteFideId "1104144"]
[BlackFideId "2207400"]
[WhiteElo "1896"]
[BlackElo "2226"]
[Result "0-1"]
[Round "08"]
[TimeControl "180+1"]
[Date "2022.06.28"]
[WhiteClock "0:00:05"]
[BlackClock "0:00:01"]

1. d4 Nf6 2. Nf3 g6 3. Bf4 Bg7 4. e3 d6 5. Be2 O-O 6. h3 Nfd7 7. O-O e5 8. Bh2 f5 9. c4 Nc6 10. Nc3 g5 11. b4 Nxb4 12. Qb3 a5 13. c5+ Kh8 14. cxd6 cxd6 15. Nb5 Qe7 16. Nc7 Nc5 17. dxc5 Qxc7 18. cxd6 Qxd6 19. Nxg5 f4 20. Nf7+ Rxf7 21. Qxf7 Be6 22. Qxb7 Rb8 23. Qa7 Bd5 24. Rfd1 Rd8 25. e4 f3 26. Bxf3 Qg6 27. exd5 e4 28. Bg4 Bxa1 29. Rxa1 Qg7 30. Re1 Qxa7 31. Rxe4 Nxd5 32. Be5+ Kg8 33. Be6+ Kf8 34. Bd4 Qb7 35. Bc5+ Kg7 36. Bd4+ Kf8 37. Bc5+ Kg7 38. Bd4+ Kg6 39. Rg4+ Kh5 0-1


[Site "https://www.chess.com"]

[Event "Titled Tuesday Blitz June 28 Early 2022"]
[White "Pinheiro, Iung Alicio de O."]
[Black "Lashkin, Jegor"]
[WhiteFideId "2104350"]
[BlackFideId "13907808"]
[WhiteElo "2283"]
[BlackElo "2368"]
[Result "0-1"]
[Round "08"]
[TimeControl "180+1"]
[Date "2022.06.28"]
[WhiteClock "0:00:02"]
[BlackClock "0:00:03"]

1. e4 c5 2. Nf3 d6 3. c3 Nf6 4. h3 g6 5. Bd3 Bg7 6. Bc2 O-O 7. O-O e5 8. d4 Nbd7 9. a4 a6 10. Nbd2 Qc7 11. d5 b6 12. Re1 Nh5 13. Nf1 Ndf6 14. Bg5 h6 15. Be3 Kh7 16. Qd2 Ng8 17. Ng3 Nhf6 18. Nh4 Nd7 19. Rf1 Qd8 20. Nf3 Qe7 21. Nh2 h5 22. Nf3 Bh6 23. Rae1 Ndf6 24. Ng5+ Kg7 25. f4 exf4 26. Bxf4 Nd7 27. Nf3 Bxf4 28. Qxf4 Ne5 29. Nxe5 dxe5 30. Qd2 Bd7 31. Kh1 b5 32. a5 f6 33. Ne2 Qd6 34. Ng1 Ne7 35. Nf3 Nc8 36. Nh4 Qe7 37. Qf2 Nd6 38. Qg3 Qf7 39. b3 Kh7 40. Rf2 Qg7 41. Ref1 Rac8 42. Nf3 Qh6 43. Nh2 Kg7 44. Qf3 Qg5 45. Qe2 Qh6 46. Nf3 g5 47. Nh2 Qg6 48. g4 hxg4 49. hxg4 Rf7 50. Kg2 Rh8 51. Qf3 Rh4 52. Qg3 Qh6 53. Rh1 b4 54. c4 Rf8 55. Rff1 Rh8 56. Rf3 Be8 57. Bd3 Bg6 58. Re3 Qh7 0-1


[Site "https://www.chess.com"]

[Event "Titled Tuesday Blitz June 28 Early 2022"]
[White "Przybylski, Wojciech"]
[Black "Yang, Kaiqi"]
[WhiteFideId "1117599"]
[BlackFideId "8604398"]
[WhiteElo "2133"]
[BlackElo "2373"]
[Result "1-0"]
[Round "08"]
[TimeControl "180+1"]
[Date "2022.06.28"]
[WhiteClock "0:01:22"]
[BlackClock "0:00:02"]

1. d4 Nf6 2. g3 g6 3. Bg2 Bg7 4. Nf3 O-O 5. O-O d6 6. Re1 Nbd7 7. e4 e5 8. c3 Re8 9. Nbd2 a5 10. a4 c6 11. dxe5 Nxe5 12. Nxe5 dxe5 13. Nc4 Be6 14. Qxd8 Rexd8 15. Nxe5 Nxe4 16. Nxc6 bxc6 17. Bxe4 Bd5 18. Bf4 h6 19. h4 Ra7 20. Rad1 Rad7 21. Bxd5 cxd5 22. Be3 Rb7 23. Rd2 d4 24. cxd4 Rd5 25. Rc1 Rb4 26. Rc5 Rxc5 27. dxc5 Rxa4 28. Rc2 Ra1+ 29. Kg2 Be5 30. c6 Bc7 31. Bf4 1-0


[Site "https://www.chess.com"]

[Event "Titled Tuesday Blitz June 28 Early 2022"]
[White "Reprintsev, Alexander"]
[Black "Barria Zuniga, Daniel"]
[WhiteFideId "14100541"]
[BlackFideId "3400816"]
[WhiteElo "2108"]
[BlackElo "2414"]
[Result "1-0"]
[Round "08"]
[TimeControl "180+1"]
[Date "2022.06.28"]
[WhiteClock "0:00:20"]
[BlackClock "0:00:01"]

1. e4 c5 2. b3 Nc6 3. Bb2 Nf6 4. e5 Nd5 5. Nf3 g6 6. Ng5 e6 7. Ne4 Be7 8. Nd6+ Bxd6 9. exd6 O-O 10. h4 e5 11. Qf3 Ndb4 12. Na3 Nd4 13. Bxd4 cxd4 14. h5 Qg5 15. Bc4 Kg7 16. h6+ Kg8 17. O-O-O a6 18. Rde1 Rb8 19. Bd3 b5 20. Be4 Rb6 21. Qg3 Qxg3 22. fxg3 Rxd6 23. Kb2 f5 24. Bf3 e4 25. Be2 d3 26. cxd3 Nxd3+ 27. Bxd3 Rxd3 28. Re2 Bb7 29. Rc1 Bc6 30. Nc2 a5 31. Ne3 Kf7 32. Rc3 Kf6 33. Rxd3 exd3 34. Rf2 Kg5 35. Kc3 Kxh6 36. Kxd3 Kg5 37. Kd4 h5 38. Kc5 h4 39. gxh4+ Kxh4 40. d4 Be4 41. Kxb5 Kg3 42. Rd2 f4 43. Nf1+ Kg4 44. Kxa5 Rc8 45. Rf2 Rc2 46. Rxc2 Bxc2 47. b4 Be4 48. Nd2 Bxg2 49. b5 f3 50. b6 f2 51. Kb4 Kf4 52. a4 Ke3 53. Kc3 1-0


[Site "https://www.chess.com"]

[Event "Titled Tuesday Blitz June 28 Early 2022"]
[White "Rosenberg, Evan S"]
[Black "Rios Escobar, Adan"]
[WhiteFideId "2019299"]
[BlackFideId "3403645"]
[WhiteElo "2179"]
[BlackElo "2467"]
[Result "1-0"]
[Round "08"]
[TimeControl "180+1"]
[Date "2022.06.28"]
[WhiteClock "0:00:08"]
[BlackClock "0:00:01"]

1. e4 c5 2. Nc3 d6 3. f4 g6 4. Nf3 Bg7 5. a4 Nc6 6. Bb5 Bd7 7. d3 e6 8. Bxc6 Bxc6 9. O-O Ne7 10. Qe1 O-O 11. Qh4 f5 12. Ng5 h6 13. Nxe6 Qd7 14. Nxf8 Rxf8 15. e5 dxe5 16. fxe5 g5 17. Qf2 Bxe5 18. Be3 Bd4 19. Bxd4 cxd4 20. Nb5 Rd8 21. Nxa7 Bxa4 22. b3 Bc6 23. Nxc6 Qxc6 24. Rae1 f4 25. Rxe7 Ra8 26. Qe2 Ra2 27. Re8+ Kg7 28. Qe7+ Kg6 29. Rg8+ Kh5 30. Qe2+ Kh4 31. g3+ fxg3 32. hxg3+ Kh3 33. Qh5+ Kxg3 34. Qh2+ Kg4 35. Qe2+ Kh4 36. Rf4+ Kh3 37. Qg4# 1-0


[Site "https://www.chess.com"]

[Event "Titled Tuesday Blitz June 28 Early 2022"]
[White "Rychagov, Andrey"]
[Black "Yoo, Christopher Woojin"]
[WhiteFideId "4119932"]
[BlackFideId "30909694"]
[WhiteElo "2460"]
[BlackElo "2105"]
[Result "0-1"]
[Round "08"]
[TimeControl "180+1"]
[Date "2022.06.28"]
[WhiteClock "0:00:12"]
[BlackClock "0:00:14"]

1. d4 d5 2. c4 e6 3. Nf3 Nf6 4. Nc3 c6 5. e3 Nbd7 6. Qc2 b6 7. b3 Bb7 8. Bd3 dxc4 9. Bxc4 c5 10. Ne5 Bxg2 11. Rg1 Bb7 12. Bb2 cxd4 13. exd4 a6 14. Qe2 Qe7 15. O-O-O b5 16. Bd3 b4 17. Na4 Nd5 18. Kb1 Nf4 19. Qe3 Nxd3 20. Rxd3 Nf6 21. Nb6 Nd5 22. Nxd5 Bxd5 23. Qf4 Qb7 24. Rdd1 f6 25. Nc4 Rd8 26. Qg4 Qf7 27. Ne3 Qg6+ 28. Qxg6+ hxg6 29. Nxd5 Rxd5 30. Rc1 Kd7 31. Rg2 g5 32. Rc4 Bd6 33. f3 a5 34. Rcc2 Rh3 35. Rcf2 Rf5 36. f4 Rxf4 37. Rxf4 Bxf4 0-1


[Site "https://www.chess.com"]

[Event "Titled Tuesday Blitz June 28 Early 2022"]
[White "Sahil, Tickoo"]
[Black "Mendez Fortes, Eduardo Jesus"]
[WhiteFideId "5019710"]
[BlackFideId "3502376"]
[WhiteElo "2047"]
[BlackElo "2321"]
[Result "0-1"]
[Round "08"]
[TimeControl "180+1"]
[Date "2022.06.28"]
[WhiteClock "0:00:05"]
[BlackClock "0:00:11"]

1. d4 Nf6 2. Bf4 d5 3. e3 c5 4. c3 Nc6 5. Nd2 Bf5 6. Ngf3 e6 7. Nh4 Be4 8. Nhf3 h6 9. Nxe4 Nxe4 10. Bd3 Nf6 11. O-O Be7 12. Ne5 Nxe5 13. Bxe5 O-O 14. Rc1 Nd7 15. Bg3 c4 16. Bb1 b5 17. e4 Nf6 18. e5 Nd7 19. f4 f5 20. Bf2 a5 21. a3 b4 22. axb4 axb4 23. Be3 bxc3 24. bxc3 Rb8 25. Qh5 Ba3 26. Rce1 Qe8 27. Qh3 Rb3 28. Bd2 Qb8 29. g4 fxg4 30. Qxg4 Rb2 31. Be3 Qa7 32. Qxe6+ Kh8 33. Qg6 Rxb1 34. Rxb1 Be7 35. f5 Nxe5 36. Qh5 Nd3 37. Bxh6 gxh6 38. Qxh6+ Kg8 39. Qg6+ Kh8 40. Rf3 Bh4 41. Rh3 Qe7 42. Qh5+ Kg7 43. Qg4+ Bg5 44. Rf1 Rf7 45. f6+ Rxf6 46. Rxf6 Kxf6 47. Rf3+ Kg7 48. h4 Qe1+ 49. Kg2 Qxh4 50. Qd7+ Be7 51. Rg3+ Kf8 52. Qf5+ Qf6 53. Qc8+ Bd8 54. Rf3 Nf4+ 55. Kg3 Qg5+ 56. Kf2 Ke7 57. Qb7+ Kd6 58. Qb8+ Bc7 59. Qf8+ Kc6 60. Qe8+ Kb6 61. Rg3 Nd3+ 62. Rxd3 cxd3 63. Qe6+ Kb7 64. Qxd5+ Qxd5 65. Ke3 Qc4 66. Ke4 Bf4 67. Kxf4 Qxc3 68. Ke4 d2 69. d5 d1=Q 70. d6 Qde1+ 71. Kf5 Qc5+ 72. Kg4 Qcf2 73. Kh3 Qeg1 74. d7 Qfh2# 0-1


[Site "https://www.chess.com"]

[Event "Titled Tuesday Blitz June 28 Early 2022"]
[White "Saito, Vinicius"]
[Black "Bettalli, Francesco"]
[WhiteFideId "2113384"]
[BlackFideId "2816453"]
[WhiteElo "2168"]
[BlackElo "2216"]
[Result "0-1"]
[Round "08"]
[TimeControl "180+1"]
[Date "2022.06.28"]
[WhiteClock "0:01:17"]
[BlackClock "0:02:01"]

1. e4 e5 2. Nc3 Bc5 3. Bc4 Nf6 4. d3 O-O 5. h3 h6 6. Nf3 d6 7. O-O c6 8. a3 Re8 9. b4 Bb6 10. Bb3 Nbd7 11. Ne2 Nf8 12. Ng3 Ng6 13. Be3 Be6 14. c3 Qd7 15. Kh2 Nf4 16. Ng1 Bxb3 17. Qxb3 Nxd3 18. Rad1 Nf4 19. Bxf4 exf4 20. Nf5 d5 21. c4 Nxe4 22. Nd4 dxc4 23. Qxc4 Qc7 24. Ngf3 Rad8 25. Nf5 Nf6 26. Rfe1 Rxd1 27. Rxd1 Bxf2 28. Nd6 Bg3+ 29. Kh1 Rd8 30. Qc5 Ne4 0-1


[Site "https://www.chess.com"]

[Event "Titled Tuesday Blitz June 28 Early 2022"]
[White "Samsonkin, Artiom"]
[Black "Oparin, Grigoriy"]
[WhiteFideId "13503111"]
[BlackFideId "24125890"]
[WhiteElo "2513"]
[BlackElo "2639"]
[Result "0-1"]
[Round "08"]
[TimeControl "180+1"]
[Date "2022.06.28"]
[WhiteClock "0:00:05"]
[BlackClock "0:00:22"]

1. d4 Nf6 2. Nf3 g6 3. Nc3 d5 4. Bf4 Bg7 5. Qd2 c6 6. Bh6 Bxh6 7. Qxh6 Bf5 8. Qd2 Nbd7 9. h3 Ne4 10. Nxe4 Bxe4 11. Ng5 Nf6 12. e3 h6 13. Nxe4 Nxe4 14. Qb4 Qb6 15. a3 Qxb4+ 16. axb4 Nd6 17. Bd3 a6 18. b3 e6 19. c4 Ke7 20. Kd2 g5 21. Kc3 f5 22. f3 h5 23. c5 Ne8 24. b5 cxb5 25. Bxb5 Nc7 26. Bd3 h4 27. b4 Kf6 28. Ra5 f4 29. e4 e5 30. dxe5+ Kxe5 31. Re1 Kf6 32. Kb3 Rhe8 33. Re2 Rad8 34. Kc3 dxe4 35. Bxe4 Nd5+ 36. Kb3 Re7 37. Raa2 Ne3 38. Rad2 Red7 39. Rxd7 Rxd7 40. b5 axb5 41. Kb4 Nd1 42. Rc2 Ne3 43. Re2 Nf1 44. Kxb5 Ng3 45. Rc2 Nxe4 46. fxe4 Ke5 47. Re2 Rd4 48. Kb6 Rb4+ 49. Kc7 Rb5 50. Rc2 Kxe4 51. Kd6 Rb3 52. Re2+ Kd4 53. Re5 Rg3 54. Rd5+ Kc4 55. Re5 Rxg2 56. Re7 Rb2 57. Rg7 f3 58. Rxg5 f2 59. Rf5 Kd4 60. Rf4+ Ke3 61. Rf8 Ke2 62. Re8+ Kf3 63. Rf8+ Kg2 0-1


[Site "https://www.chess.com"]

[Event "Titled Tuesday Blitz June 28 Early 2022"]
[White "Samunenkov, Ihor"]
[Black "Al-Tarboush, Ward"]
[WhiteFideId "14187086"]
[BlackFideId "7601450"]
[WhiteElo "2409"]
[BlackElo "2249"]
[Result "1-0"]
[Round "08"]
[TimeControl "180+1"]
[Date "2022.06.28"]
[WhiteClock "0:00:13"]
[BlackClock "0:00:10"]

1. d4 d5 2. c4 c6 3. Nc3 Nf6 4. e3 e6 5. b3 Bb4 6. Bb2 Qa5 7. Qc2 Ne4 8. Ne2 O-O 9. a3 Bxc3+ 10. Nxc3 f5 11. Bd3 Nd7 12. f3 Nxc3 13. Bxc3 Qc7 14. O-O Nf6 15. e4 Bd7 16. Bb4 Rf7 17. cxd5 fxe4 18. fxe4 Ng4 19. d6 Qd8 20. Rxf7 Kxf7 21. Rf1+ Kg8 22. Qe2 Qh4 23. h3 Nf6 24. e5 Nd5 25. Be4 Rf8 26. Rxf8+ Kxf8 27. Be1 Qh6 28. Bd2 Qh4 29. Qf3+ Kg8 30. a4 b6 31. b4 a6 32. b5 axb5 33. axb5 cxb5 34. g3 Qxh3 35. Bxd5 exd5 36. Qxd5+ Kf8 37. Qf3+ Ke8 38. d5 h6 39. e6 Bxe6 40. dxe6 Qxe6 41. Qc6+ Qd7 42. Qxd7+ Kxd7 43. Bb4 h5 44. Kh2 g5 45. Kh3 Ke6 46. Kg2 Kd7 47. Kf3 Ke6 48. Ke4 h4 49. gxh4 gxh4 50. Kf4 Kd7 51. Kg4 Kc6 52. Kxh4 Kd7 53. Kg4 Ke6 54. Kf4 Kd7 55. Ke5 Kd8 56. Ke6 Ke8 57. d7+ Kd8 58. Be7+ 1-0


[Site "https://www.chess.com"]

[Event "Titled Tuesday Blitz June 28 Early 2022"]
[White "Sanchez, Robert"]
[Black "Piesik, Piotr"]
[WhiteFideId "2034360"]
[BlackFideId "1136194"]
[WhiteElo "2085"]
[BlackElo "2247"]
[Result "0-1"]
[Round "08"]
[TimeControl "180+1"]
[Date "2022.06.28"]
[WhiteClock "0:00:14"]
[BlackClock "0:00:47"]

1. e4 g6 2. d4 Bg7 3. Nc3 c6 4. Nf3 d6 5. Be3 Nf6 6. Bd3 O-O 7. h3 Nbd7 8. O-O e5 9. Qd2 Re8 10. Bh6 Qc7 11. Bxg7 Kxg7 12. Rad1 Nb6 13. a4 a5 14. b3 Nh5 15. Ne2 h6 16. dxe5 dxe5 17. Qc3 Kh7 18. Nh2 Be6 19. Ng4 Nd7 20. Bc4 Nhf6 21. Bxe6 Rxe6 22. Nxf6+ Nxf6 23. Ng3 Rd8 24. Rxd8 Qxd8 25. f4 exf4 26. Rxf4 Kg8 27. Qf3 Nd7 28. Qd3 Qb6+ 29. Kh2 Ne5 30. Qc3 Qb4 31. Qe3 h5 32. Qf2 Qe7 33. Ne2 Rd6 34. Nd4 Qg5 35. g3 h4 36. Nf3 Nxf3+ 37. Rxf3 Rd2 0-1


[Site "https://www.chess.com"]